 Dungeon Crawl Stone Soup version 0.29-a0-187-ga23d9638d5 (webtiles) character file.

Game seed: 13222701967212855350

78 siradein the Shield-Bearer (level 4, 0/44 HPs)
             Began as a Troll Fighter on Feb 21, 2022.
             Slain by a gnoll (15 damage)
             ... on level 3 of the Dungeon.
             The game lasted 00:02:09 (1399 turns).

siradein the Shield-Bearer (Troll Fighter)          Turns: 1399, Time: 00:02:09

Health: 0/44       AC:  5    Str: 24    XL:     4   Next: 15%
Magic:  3/3        EV: 13    Int:  4    God:
Gold:   102        SH:  7    Dex: 11    Spells: 3/3 levels left

rFire   . . .      SeeInvis .     - Unarmed
rCold   . . .      Faith    .   b - +0 kite shield
rNeg    . . .      Spirit   .   a - +0 robe
rPois   .          Reflect  .   (helmet restricted)
rElec   .          Harm     .   g - +0 cloak
rCorr   .          Rampage  .   (gloves unavailable)
Will    +....                   (boots unavailable)
Stlth   +.........              (no amulet)
HPRegen 0.94/turn               p - +4 ring of evasion
MPRegen 0.08/turn               r - ring of willpower

@: no status effects
A: large, unfitting armour, claws 3, regeneration 1, shaggy fur 1, tough skin 1
a: no special abilities


You were on level 3 of the Dungeon.
You visited 1 branch of the dungeon, and saw 3 of its levels.

You collected 102 gold pieces.

Inventory:

Hand Weapons
 o - a +0 hunting sling
Missiles
 d - 114 stones (quivered)
 m - 11 poisoned darts
Armour
 a - a +0 robe (worn)
 b - a +0 kite shield (worn)
 g - a +0 cloak (worn)
Jewellery
 p - a +4 ring of evasion (left claw)
 r - a ring of willpower (right claw)
Scrolls
 e - a scroll of teleportation {unknown}
 f - a scroll of acquirement {unknown}
 i - 2 scrolls of blinking {unknown}
 j - a scroll of identify {unknown}
 k - a scroll of brand weapon {unknown}
 l - a scroll of enchant weapon {unknown}
 n - a scroll of vulnerability {unknown}
 q - 2 scrolls of amnesia {unknown}
Potions
 c - 2 potions of might
 h - 2 potions of heal wounds {unknown}
 s - 2 potions of curing {unknown}
 t - a potion of degeneration {unknown}


   Skills:
 + Level 2.9 Fighting
 + Level 0.7 Throwing
 + Level 2.8 Dodging
 + Level 2.9 Shields
 + Level 2.7 Unarmed Combat


You had 3 spell levels left.
You didn't know any spells.
Your spell library contained the following spells:

 Spells                   Type           Power      Damage    Failure   Level
 Animate Skeleton         Necr           0%         N/A       80%         1
 Pain                     Necr           0%         1d4       80%         1
 Gell's Gravitas          Tloc           0%         N/A       99%         3
 Ignite Poison            Fire/Tmut/Pois 0%         N/A       99%         3
 Lesser Beckoning         Tloc           0%         N/A       99%         3
 Mephitic Cloud           Conj/Pois/Air  0%         N/A       99%         3
 Teleport Other           Tloc           0%         N/A       99%         3
 Vampiric Draining        Necr           0%         2d6       99%         3
 Freezing Cloud           Conj/Ice/Air   0%         6-21      100%        5


Dungeon Overview and Level Annotations

Branches:
Dungeon (3/15)

Altars:


Innate Abilities, Weirdness & Mutations

You are too large for most types of armour.
You have claws for hands.
Your natural rate of healing is unusually fast.
You are covered in fur. (AC +1)
You have tough skin. (AC +1)


Message History

The gnoll barely misses you.
You have reached level 4!
You see here 9 gold pieces.
You see here a +0 trident.
The frilled lizard bites you but does no damage.
You claw the frilled lizard!
You kill the frilled lizard!
The gnoll misses you. You block the gnoll's attack.
You see here a frilled lizard corpse.
You claw the gnoll!
The gnoll is almost dead.
The gnoll closely misses you. You block the gnoll's attack. x2
You closely miss the gnoll.
The gnoll is almost dead.
The gnoll misses you. The gnoll closely misses you.
You closely miss the gnoll.
The gnoll is almost dead.
You block the gnoll's attack. x2
You claw the gnoll!
You kill the gnoll!
The gnoll hits you from afar with a +0 halberd!
The gnoll misses you. The gnoll closely misses you.
Things that are here:
a +0 spear; a gnoll corpse You claw the gnoll!
The gnoll is heavily wounded.
You block the gnoll's attack. The gnoll hits you with a +0 halberd.
You scratch the gnoll but do no damage.
The gnoll is heavily wounded.
The gnoll hits you from afar with a +0 spear.
The gnoll barely misses you.
You closely miss the gnoll.
The gnoll is heavily wounded.
You block the gnoll's attack. The gnoll hits you with a +0 halberd!
You are too injured to fight recklessly!
You are too injured to fight recklessly!
You are too injured to fight recklessly!
The gnoll hits you from afar with a +0 halberd!
You die...

## #. ####### #.
.....###### #. . ... ...#
## #.#.# #.##
...##.#.####..#############
|......Sg)@)...............
#.##.#g#####..#######.####
#.# ##.# #.# #.g #..# #.#


og.g ##.# #.# ..[#. .# #.# #...(.# .# #.# #.#S# # .. #.# .. .. #.# You could see
2 gnolls and a ball python.

Vanquished Creatures
  A gnoll (D:3)
  An adder (D:2)
  A worm (D:2)
  2 dart slugs (D:1)
  11 ball pythons
  9 bats
  A bat skeleton (D:2)
  2 endoplasms (D:1)
  A giant cockroach (D:2)
  4 hobgoblins
  6 kobolds
  A quokka (D:1)
  A ball python skeleton (D:2)
  4 frilled lizards
  5 goblins
  2 rats (D:1)
52 creatures vanquished.

Notes
Turn   | Place    | Note
-------+----------+-------------------------------------------
     0 | D:1      | siradein the Troll Fighter began the quest for the Orb.
     0 | D:1      | Reached XP level 1. HP: 22/22 MP: 0/0
   254 | D:1      | Reached XP level 2. HP: 28/29 MP: 1/1
   602 | D:1      | Reached XP level 3. HP: 30/36 MP: 2/2
  1383 | D:3      | Reached XP level 4. HP: 44/44 MP: 3/3
  1399 | D:3      | Slain by a gnoll

Illustrated notes

Levels and vault maps discovered:
D:1:      dpeg_arrival_morbid_curiosity, layout_basic
D:2:      layout_loops_ring, serial_undead, serial_undead_d, serial_undead_c,
          serial_undead_c, serial_undead_c, nicolae_figureground_pulse
D:3:      layout_basic, st_stairs_4, minmay_misc_feat_hallway, uniq_sigmund

Action                   |  1- 3 |  4- 6 || total
-------------------------+-------+-------++-------
Melee: Unarmed           |   108 |     8 ||   116
Armor: Robe              |    40 |     1 ||    41
Dodge: Dodged            |    38 |     7 ||    45
Block: Kite shield       |    37 |     7 ||    44

Table legend: (Time is in decaauts)
 A = Elapsed time spent in this place.
 B = Non-inter-level travel time spent in this place.
 C = Inter-level travel time spent in this place.
 D = Time resting spent in this place.
 E = Time spent auto-exploring this place.
 F = Levels seen in this place.
 G = Mean time per level.
                   A        B        C        D        E       F      G
               +--------+--------+--------+--------+--------+-----+--------+
         Total |   1406 |   1376 |     30 |      0 |   1040 |   3 |  468.7 |
       Dungeon |   1406 |   1376 |     30 |      0 |   1040 |   3 |  468.7 |
               +--------+--------+--------+--------+--------+-----+--------+

Top non-repeatable levels by time:
     D:1: 739 daAuts
     D:2: 581 daAuts
     D:3: 86 daAuts
